 Dungeon Crawl Stone Soup version 0.26-a0-597-gb535b0901c (webtiles) character file.

Game seed: 7912467215461891179

219 Cokeysmoke the Bolt Thrower (level 6, -6/36 HPs)
             Began as a Kobold Arcane Marksman on Sept 7, 2020.
             Was an Initiate of Dithmenos.
             Mangled by an ice beast (14 damage)
             ... on level 1 of the Dungeon.
             The game lasted 00:16:02 (3883 turns).

Cokeysmoke the Bolt Thrower (KoAM)                  Turns: 3883, Time: 00:16:03

Health: -6/36      AC:  5    Str:  7    XL:     6   Next: 18%
Magic:  2/8        EV: 16    Int: 14    God:    Dithmenos [......]
Gold:   95         SH:  0    Dex: 18    Spells: 0/9 levels left

rFire    . . .     SeeInvis .   n - +0 short sword
rCold    . . .     Faith    .   (shield restricted)
rNeg     . . .     Spirit   .   h - +1 robe {Archmagi}
rPois    .         Reflect  .   k - +0 hat
rElec    .         Harm     .   (no cloak)
rCorr    .         Clarity  +   j - +0 pair of gloves
MR       +....                  g - +0 pair of boots
Stlth    ++++......             (no amulet)
HPRegen  0.52/turn              c - ring of wizardry
MPRegen  0.11/turn              (no ring)

@: invisible
A: small, beak, clarity, low mp 1, magic resistance 1, nightstalker 3,
regeneration 1
a: Renounce Religion


You were on level 1 of the Dungeon.
You worshipped Dithmenos.
Dithmenos was noncommittal.
You visited 1 branch of the dungeon, and saw 3 of its levels.

You collected 95 gold pieces.

Inventory:

Hand Weapons
 a - a +1 hand crossbow
 n - a +0 short sword (weapon)
 r - a +0 shortbow
Missiles
 f - 22 arrows
Armour
 e - a +0 robe
 g - a +0 pair of boots (worn)
 h - a +1 robe of the Archmagi (worn)
 j - a +0 pair of gloves (worn)
 k - a +0 hat (worn)
 p - a +0 ring mail of fire resistance
Jewellery
 c - a ring of wizardry (left hand)
Scrolls
 b - a scroll of teleportation {unknown}
 i - a scroll of immolation
 l - a scroll of enchant weapon
 m - 2 scrolls of noise {unknown}
 o - 5 scrolls of remove curse
 s - 3 scrolls of identify


   Skills:
 + Level 2.3 Fighting
 * Level 4.1 Crossbows
 + Level 3.4 Dodging
 * Level 3.6 Stealth
 - Level 2.0 Spellcasting
 + Level 3.4 Hexes
 - Level 1.0 Translocations


You couldn't memorise any spells.
You knew the following spells:

 Your Spells              Type           Power        Failure   Level
a - Corona                Hex            ###....      2%          1
b - Slow                  Hex            ###.....     3%          2
c - Portal Projectile     Hex/Tloc       ##....       12%         3
d - Confusing Touch       Hex            ###.....     7%          3

Your spell library contained the following spells:

 Spells                   Type           Power        Failure   Level
 Inner Flame              Hex/Fire       #.......     14%         3
 Gell's Gravitas          Tloc           #.........   19%         3
 Cause Fear               Hex            ###.......   22%         4
 Leda's Liquefaction      Hex/Erth       #.........   41%         4
 Petrify                  Tmut/Erth      #.......     65%         4
 Metabolic Englaciation   Hex/Ice        #.........   75%         5
 Yara's Violent Unravell  Hex/Tmut       #.........   75%         5


Dungeon Overview and Level Annotations

Branches:
Dungeon (3/15)

Altars:
Dithmenos
Hepliaklqana
Kikubaaqudgha
Qazlal


Innate Abilities, Weirdness & Mutations

You are small and have problems with some larger weapons.
You are completely attuned to the shadows.
You have a beak for a mouth.
You possess an exceptional clarity of mind.
Your magical capacity is low. (-10% MP)
You are resistant to hostile enchantments. (MR+)
Your natural rate of healing is unusually fast.


Message History

Aim: an ice beast (severely wounded, chance to defeat MR: 53%)
You feel a surge of power!
The ice beast struggles to resist.
The ice beast hits you but does no damage.
Casting: Corona (safe; 2% risk of failure)
Confirm with . or Enter, or press ? or * to list all spells.
Aiming: Corona (safe; 2% risk of failure)
Press: ? - help, Shift-Dir - straight line, f/p - ice beast
Aim: an ice beast (severely wounded, chance to defeat MR: 53%)
You feel a surge of power!
The ice beast is outlined in light.
The ice beast hits you. The ice beast freezes you!
You hit the ice beast but do no damage.
The ice beast is severely wounded.
The ice beast hits you. The ice beast freezes you!
* * * LOW HITPOINT WARNING * * *
It was a potion of invisibility.
You fade into invisibility!
The ice beast hits you.
* * * LOW HITPOINT WARNING * * *
The ice beast freezes you!
You die...

....#.# #........####.......##
....#.# #........####.......#.
#####.# #........Y..Y.###'###.
#####.# #......######.#.......
......# #......######.#.......
.....## #......##.............
.....# #......##.............
.....###############.............
...(.((.(.(....Y@>.#####.####.###
.....#############.# #..# #.###
(....# #.# ##'###'##. .....# #.#
#≈.§≈≈.≈#. .....#
####.#####≈≈.≈.≈≈#. .....#
#####........#§≈...≈≈#. ...###
#........###...≈.<§≈... ...#
#.......## ###≈≈...≈≈#. ...#
#.......# #≈≈.≈§§≈#.


You could see an ice beast (corona).

Vanquished Creatures
  A bullfrog (D:3)
  Jessica (D:2)
  3 adders
  4 oozes
  A worm (D:2)
  2 dart slugs
  2 leopard geckos
  An orc (D:2)
  9 bats
  4 giant cockroaches
  9 goblins
  5 hobgoblins
  7 jackals (D:1)
  3 frilled lizards
  11 kobolds
  10 rats
73 creatures vanquished.

Vanquished Creatures (others)
  14 plants (D:1)
14 creatures vanquished.

Grand Total: 87 creatures vanquished

Notes
Turn   | Place    | Note
-------+----------+-------------------------------------------
     0 | D:1      | Cokeysmoke the Kobold Arcane Marksman began the quest for
                  | the Orb.
     0 | D:1      | Reached XP level 1. HP: 12/12 MP: 2/2
   165 | D:1      | Reached skill level 1 in Stealth
   165 | D:1      | Reached XP level 2. HP: 10/16 MP: 3/3
   710 | D:1      | Reached XP level 3. HP: 18/20 MP: 5/5
   965 | D:1      | Reached skill level 3 in Crossbows
  1404 | D:2      | Reached XP level 4. HP: 25/25 MP: 6/6
  1636 | D:2      | Learned a level 2 spell: Slow
  1640 | D:2      | Learned a level 3 spell: Portal Projectile
  1864 | D:2      | Noticed Jessica
  1883 | D:2      | Killed Jessica
  2111 | D:2      | Reached XP level 5. HP: 29/30 MP: 7/7
  2478 | D:3      | Noticed an ice beast
  2509 | D:3      | Gained mutation: You have a beak for a mouth. [potion of
                  | mutation]
  2509 | D:3      | Gained mutation: You are resistant to hostile enchantments.
                  | (MR+) [potion of mutation]
  2509 | D:3      | Gained mutation: You possess an exceptional clarity of
                  | mind. [potion of mutation]
  2509 | D:3      | Gained mutation: Your system is resistant to poisons.
                  | (rPois) [potion of mutation]
  3323 | D:3      | Found a shadowy altar of Dithmenos.
  3361 | D:3      | Became a worshipper of Dithmenos the Shadowed
  3432 | D:3      | Noticed a bullfrog
  3455 | D:3      | HP: 1/30 [bullfrog (7)]
  3460 | D:3      | Killed a bullfrog
  3460 | D:3      | Reached skill level 4 in Crossbows
  3460 | D:3      | Reached XP level 6. HP: 21/35 MP: 7/9
  3461 | D:3      | Lost mutation: Your system is resistant to poisons. (rPois)
                  | [potion of mutation]
  3461 | D:3      | Gained mutation: Your magical capacity is low. (-10% MP)
                  | [potion of mutation]
  3461 | D:3      | Gained mutation: Your natural rate of healing is unusually
                  | fast. [potion of mutation]
  3507 | D:3      | Found a stormy altar of Qazlal.
  3514 | D:3      | Found a hazy altar of Hepliaklqana.
  3565 | D:3      | Found an ancient bone altar of Kikubaaqudgha.
  3622 | D:3      | Reached skill level 1 in Translocations
  3641 | D:3      | Learned a level 3 spell: Confusing Touch
  3883 | D:1      | Mangled by an ice beast

Illustrated notes

Levels and vault maps discovered:
D:1:      ncdulo_lavacross, layout_basic, serial_bayou_lagoon_a
D:2:      layout_rooms, uniq_jessica
D:3:      layout_rooms, nicolae_overflow_crystal_walls,
          lemuel_coloured_pillars_altar, minitemple, nrook_mini_vaults,
          elyvilon_altar_3

Skill      XL: |  1  2  3  4  5  6 |
---------------+-------------------+-----
Stealth        | 1 2 3 |  3.6
Crossbows      | 3 4 |  4.1
Dodging        | 3 |  3.4
Fighting       | 2 |  2.3
Spellcasting   | 2 |  2.0
Translocations | 1 |  1.0
Hexes          | |  3.4

Action                   |  1- 3 |  4- 6 || total
-------------------------+-------+-------++-------
Melee: Short sword       |       |   105 ||   105
       Peck              |       |    14 ||    14
 Fire: Hand crossbow     |    80 |    76 ||   156
       Hunting sling     |       |     4 ||     4
Throw: Stone             |       |     3 ||     3
 Cast: Corona            |     3 |    13 ||    16
       Slow              |       |     8 ||     8
       Portal Projectile |       |     1 ||     1
  Use: Scroll            |     1 |     3 ||     4
       Potion            |       |     5 ||     5
 Stab: Sleeping          |       |     3 ||     3
Armor: Robe              |     5 |    35 ||    40
Dodge: Dodged            |    38 |   143 ||   181

Table legend: (Time is in decaauts)
 A = Elapsed time spent in this place.
 B = Non-inter-level travel time spent in this place.
 C = Inter-level travel time spent in this place.
 D = Time resting spent in this place.
 E = Time spent auto-exploring this place.
 F = Levels seen in this place.
 G = Mean time per level.
                   A        B        C        D        E       F      G
               +--------+--------+--------+--------+--------+-----+--------+
         Total |   3956 |   3784 |    172 |    973 |   2005 |   3 | 1318.7 |
       Dungeon |   3956 |   3784 |    172 |    973 |   2005 |   3 | 1318.7 |
               +--------+--------+--------+--------+--------+-----+--------+

Top non-repeatable levels by time:
     D:1: 1700 daAuts
     D:2: 1393 daAuts
     D:3: 863 daAuts
